Dernière mise à jour: 2025-12-07 16:11:59
% Time on Ice - NORTH DAKOTA HAWKS
Lines # - Real PCT - Wanted PCT - Time Play
Normal Forward
1 - 35% - 34% - 19:39
2 - 30% - 33% - 16:49
3 - 21% - 20% - 11:49
4 - 15% - 13% - 8:14
Normal Defense
1 - 35% - 40% - 19:53
2 - 36% - 37% - 20:12
3 - 21% - 12% - 11:59
4 - 8% - 11% - 4:27
PP Forward
1 - 40% - 65% - 1:23
2 - 60% - 35% - 2:06
PP Defense
1 - 35% - 65% - 1:13
2 - 65% - 35% - 2:16
PK Forward
1 - 0% - 55%
2 - 0% - 45%
PK Defense
1 - 0% - 55%
2 - 0% - 45%
PK3 Forward
1 - 0% - 55%
2 - 0% - 45%
PK3 Defense
1 - 0% - 55%
2 - 0% - 45%
44 Forward
1 - 0% - 55%
2 - 0% - 45%
44 Defense
1 - 0% - 55%
2 - 0% - 45%
Last Minute Offensive  - 0:00
Last Minute Defensive  - 0:00
Total
Forward - 60:00
Defense - 60:00
% Time on Ice - SASKATOON DUCKS
Lines # - Real PCT - Wanted PCT - Time Play
Normal Forward
1 - 34% - 36% - 19:23
2 - 30% - 31% - 17:08
3 - 24% - 23% - 13:49
4 - 11% - 10% - 6:11
Normal Defense
1 - 34% - 36% - 18:57
2 - 34% - 31% - 19:22
3 - 26% - 23% - 14:35
4 - 6% - 10% - 3:37
PP Forward
1 - 0% - 55%
2 - 0% - 45%
PP Defense
1 - 0% - 55%
2 - 0% - 45%
PK Forward
1 - 62% - 55% - 2:09
2 - 38% - 45% - 1:20
PK Defense
1 - 73% - 55% - 2:32
2 - 27% - 45% - 0:57
PK3 Forward
1 - 0% - 55%
2 - 0% - 45%
PK3 Defense
1 - 0% - 55%
2 - 0% - 45%
44 Forward
1 - 0% - 55%
2 - 0% - 45%
44 Defense
1 - 0% - 55%
2 - 0% - 45%
Last Minute Offensive  - 0:00
Last Minute Defensive  - 0:00
Total
Forward - 60:00
Defense - 60:00
Play-by-Play 1st period 0:01 of 1st period - Jack Hughes wins face-off versus Sidney Crosby in neutral zone. 0:08 of 1st period - Shot by Jack Hughes. 0:08 of 1st period - Deflect By Jason Robertson. 0:08 of 1st period - Shot Misses the Net. 0:32 of 1st period - Shot by Jack Hughes. 0:32 of 1st period - Stopped by Karel Vejmelka with a rebound. 1:14 of 1st period - Shot by Nick Suzuki. 1:14 of 1st period - Shot Misses the Net. 1:22 of 1st period - Shot by Nick Suzuki. 1:22 of 1st period - Stopped by Karel Vejmelka without a rebound. 1:23 of 1st period - Nico Sturm wins face-off versus Ryan Strome in SASKATOON DUCKS zone. 2:27 of 1st period - Shot by Mathieu Joseph. 2:27 of 1st period - Shot Misses the Net. 2:29 of 1st period - Shot by Mathieu Joseph. 2:29 of 1st period - Deflect By Robert Fabbri. 2:29 of 1st period - Stopped by Scott Wedgewood with a rebound. 2:52 of 1st period - Icing by Beck Malenstyn. 2:53 of 1st period - Kailer Yamamoto wins face-off versus Nico Sturm in NORTH DAKOTA HAWKS zone. 3:06 of 1st period - Icing by T.J. Brodie. 3:07 of 1st period - Nick Suzuki wins face-off versus Tyson Jost in SASKATOON DUCKS zone. 3:26 of 1st period - Shot by Kasperi Kapanen. 3:26 of 1st period - Stopped by Scott Wedgewood without a rebound. 3:27 of 1st period - Jordan Staal wins face-off versus Frederick Gaudreau in NORTH DAKOTA HAWKS zone. 3:28 of 1st period - Shot by Ondrej Palat. 3:28 of 1st period - Stopped by Scott Wedgewood without a rebound. 3:29 of 1st period - Jordan Staal wins face-off versus Frederick Gaudreau in NORTH DAKOTA HAWKS zone. 3:48 of 1st period - Shot by Frederick Gaudreau. 3:48 of 1st period - Stopped by Karel Vejmelka without a rebound. 3:49 of 1st period - Robert Fabbri wins face-off versus Jack Hughes in SASKATOON DUCKS zone. 3:49 of 1st period - Mathieu Joseph is hit by Jason Robertson and loses puck. 3:59 of 1st period - Icing by Ryan Lindgren. 4:00 of 1st period - Sidney Crosby wins face-off versus Tomas Nosek in NORTH DAKOTA HAWKS zone. 4:23 of 1st period - Shot by Jake Guentzel. 4:23 of 1st period - Deflect By Sidney Crosby. 4:23 of 1st period - Stopped by Scott Wedgewood without a rebound. 4:24 of 1st period - Robert Fabbri wins face-off versus Reyley Smith in NORTH DAKOTA HAWKS zone. 4:31 of 1st period - Shot by Mathieu Joseph. 4:31 of 1st period - Shot Misses the Net. 4:33 of 1st period - Shot by Cam Atkinson. 4:33 of 1st period - Shot Blocked by Cale Makar. 5:16 of 1st period - Shot by Ryan Strome. 5:16 of 1st period - Stopped by Scott Wedgewood without a rebound. 5:17 of 1st period - Jack Hughes wins face-off versus Jordan Staal in NORTH DAKOTA HAWKS zone. 5:44 of 1st period - Shot by Jack Hughes. 5:44 of 1st period - Shot Misses the Net. 6:05 of 1st period - Icing by Samuel Girard. 6:06 of 1st period - Frederick Gaudreau wins face-off versus Jordan Staal in SASKATOON DUCKS zone. 6:24 of 1st period - Shot by Garnet Hathaway. 6:24 of 1st period - Shot Misses the Net. 7:03 of 1st period - Ben Chiarot is hit by Reyley Smith and loses puck. 7:18 of 1st period - Shot by Nick Suzuki. 7:18 of 1st period - Stopped by Karel Vejmelka without a rebound. 7:19 of 1st period - Jake Guentzel wins face-off versus Jack Hughes in SASKATOON DUCKS zone. 7:28 of 1st period - Shot by Jack Hughes. 7:28 of 1st period - Shot Misses the Net. 7:30 of 1st period - Shot by Jonas Siegenthaler. 7:30 of 1st period - Shot Misses the Net. 7:47 of 1st period - Shot by Jack Hughes. 7:47 of 1st period - Stopped by Karel Vejmelka without a rebound. 7:48 of 1st period - Tyson Jost wins face-off versus Nick Suzuki in SASKATOON DUCKS zone. 8:59 of 1st period - Icing by Jake Guentzel. 9:00 of 1st period - Nico Sturm wins face-off versus Sidney Crosby in SASKATOON DUCKS zone. 10:01 of 1st period - Icing by Samuel Girard. 10:02 of 1st period - Jack Hughes wins face-off versus Robert Fabbri in SASKATOON DUCKS zone. 10:07 of 1st period - Shot by Jack Hughes. 10:07 of 1st period - Goal by Jack Hughes - NORTH DAKOTA HAWKS : 1 - SASKATOON DUCKS : 0. 10:08 of 1st period - Robert Fabbri wins face-off versus Jack Hughes in neutral zone. 10:33 of 1st period - Shot by Robert Fabbri. 10:33 of 1st period - Shot Misses the Net. 10:35 of 1st period - Shot by Mathieu Joseph. 10:35 of 1st period - Shot Blocked by Tomas Nosek. 10:44 of 1st period - Icing by Ryan Lindgren. 10:45 of 1st period - Jack Hughes wins face-off versus Jordan Staal in NORTH DAKOTA HAWKS zone. 11:07 of 1st period - Icing by T.J. Brodie. 11:08 of 1st period - Nick Suzuki wins face-off versus Jordan Staal in SASKATOON DUCKS zone. 11:26 of 1st period - Nick Suzuki is hit by T.J. Brodie and loses puck. 11:38 of 1st period - Nick Suzuki is hit by Jake Sanderson and loses puck. 11:54 of 1st period - Nick Suzuki is hit by T.J. Brodie and loses puck. 12:19 of 1st period - Shot by Frederick Gaudreau. 12:19 of 1st period - Stopped by Karel Vejmelka without a rebound. 12:20 of 1st period - Sidney Crosby wins face-off versus Nico Sturm in SASKATOON DUCKS zone. 12:20 of 1st period - Sidney Crosby is hit by Nico Sturm. 12:42 of 1st period - Sidney Crosby is hit by Ryan Lindgren and loses puck. 14:50 of 1st period - Off-side. 14:51 of 1st period - Nico Sturm wins face-off versus Tyson Jost in neutral zone. 15:00 of 1st period - Shot by Nico Sturm. 15:00 of 1st period - Stopped by Karel Vejmelka without a rebound. 15:01 of 1st period - Frederick Gaudreau wins face-off versus Sidney Crosby in SASKATOON DUCKS zone. 15:06 of 1st period - Icing by T.J. Brodie. 15:07 of 1st period - Ivan Barbashev wins face-off versus Jack Hughes in SASKATOON DUCKS zone. 15:07 of 1st period - Ivan Barbashev is hit by Jason Robertson. 16:16 of 1st period - Icing by Erik Gustafsson. 16:17 of 1st period - Jordan Staal wins face-off versus Jake DeBrusk in SASKATOON DUCKS zone. 16:40 of 1st period - Shot by Reyley Smith. 16:40 of 1st period - Shot Misses the Net. 16:46 of 1st period - Shot by Jake DeBrusk. 16:46 of 1st period - Stopped by Karel Vejmelka with a rebound. 16:48 of 1st period - Shot by Nick Suzuki. 16:48 of 1st period - Stopped by Karel Vejmelka with a rebound. 16:50 of 1st period - Shot by Jacob Bernard-Docker. 16:50 of 1st period - Shot Misses the Net. 16:52 of 1st period - Shot by Jake DeBrusk. 16:52 of 1st period - Deflect By Nick Suzuki. 16:52 of 1st period - Stopped by Karel Vejmelka without a rebound. 16:53 of 1st period - Frederick Gaudreau wins face-off versus Tyson Jost in SASKATOON DUCKS zone. 17:18 of 1st period - Shot by Kasperi Kapanen. 17:18 of 1st period - Shot Misses the Net. 17:30 of 1st period - Shot by Kailer Yamamoto. 17:30 of 1st period - Stopped by Scott Wedgewood without a rebound. 17:31 of 1st period - Nick Suzuki wins face-off versus Sidney Crosby in NORTH DAKOTA HAWKS zone. 18:01 of 1st period - Shot by Nick Suzuki. 18:01 of 1st period - Shot Blocked by Jake Sanderson. 18:43 of 1st period - Shot by Mathieu Joseph. 18:43 of 1st period - Deflect By Cam Atkinson. 18:43 of 1st period - Shot Misses the Net. 18:45 of 1st period - Shot by Erik Gustafsson. 18:45 of 1st period - Stopped by Scott Wedgewood without a rebound. 18:46 of 1st period - Jordan Staal wins face-off versus Jack Hughes in NORTH DAKOTA HAWKS zone. 18:55 of 1st period - Jason Robertson is hit by Ryan Strome and loses puck. 19:10 of 1st period - Shot by Jordan Staal. 19:10 of 1st period - Goal by Jordan Staal - NORTH DAKOTA HAWKS : 1 - SASKATOON DUCKS : 1. 19:11 of 1st period - Robert Fabbri wins face-off versus Nico Sturm in neutral zone. 19:14 of 1st period - Ben Hutton is hit by Cam Atkinson and loses puck. Goals for this period are 1 for NORTH DAKOTA HAWKS vs 1 for SASKATOON DUCKS. Shots for this period are 11 for NORTH DAKOTA HAWKS vs 8 for SASKATOON DUCKS. 2nd period 0:01 of 2nd period - Jack Hughes wins face-off versus Sidney Crosby in neutral zone. 0:40 of 2nd period - Shot by Jason Robertson. 0:40 of 2nd period - Shot Misses the Net. 1:59 of 2nd period - Icing by Frederick Gaudreau. 2:00 of 2nd period - Robert Fabbri wins face-off versus Frederick Gaudreau in NORTH DAKOTA HAWKS zone. 2:08 of 2nd period - Shot by Cam Atkinson. 2:08 of 2nd period - Deflect By Robert Fabbri. 2:08 of 2nd period - Shot Misses the Net. 2:32 of 2nd period - Shot by Mathieu Joseph. 2:32 of 2nd period - Stopped by Scott Wedgewood without a rebound. 2:33 of 2nd period - Nick Suzuki wins face-off versus Tyson Jost in NORTH DAKOTA HAWKS zone. 2:59 of 2nd period - Shot by Kailer Yamamoto. 2:59 of 2nd period - Stopped by Scott Wedgewood without a rebound. 3:00 of 2nd period - Sidney Crosby wins face-off versus Jack Hughes in NORTH DAKOTA HAWKS zone. 3:08 of 2nd period - Icing by Oliver Kylington. 3:09 of 2nd period - Sidney Crosby wins face-off versus Tomas Nosek in NORTH DAKOTA HAWKS zone. 3:45 of 2nd period - Icing by Samuel Girard. 3:46 of 2nd period - Sidney Crosby wins face-off versus Jake DeBrusk in SASKATOON DUCKS zone. 3:58 of 2nd period - Jake Guentzel is hit by Jake DeBrusk and loses puck. 4:09 of 2nd period - Shot by Jake DeBrusk. 4:09 of 2nd period - Goal by Jake DeBrusk - NORTH DAKOTA HAWKS : 2 - SASKATOON DUCKS : 1. 4:10 of 2nd period - Justin Danforth wins face-off versus Jordan Staal in neutral zone. 4:56 of 2nd period - Icing by Jake Sanderson. 4:57 of 2nd period - Jordan Staal wins face-off versus Nick Suzuki in SASKATOON DUCKS zone. 4:57 of 2nd period - Jordan Staal is hit by Reyley Smith. 5:23 of 2nd period - Shot by Cam Atkinson. 5:23 of 2nd period - Shot Misses the